 Dungeon Crawl Stone Soup version 0.21.1-1-g345015fe64 (webtiles) character file.

161 CaptDreibein the Firebug (level 5, 0/39 HPs)
             Began as a Draconian Fire Elementalist on June 12, 2018.
             Slain by a rat (2 damage)
             ... on level 3 of the Dungeon.
             The game lasted 00:16:36 (2637 turns).

CaptDreibein the Firebug (DrFE)                     Turns: 2637, Time: 00:16:38

Health: 0/39       AC:  7    Str: 10    XL:     5   Next: 18%
Magic:  1/9        EV: 12    Int: 16    God:
Gold:   128        SH:  0    Dex: 12    Spells: 3/9 levels left

rFire    . . .     SeeInvis .   c - +1 whip (elec)
rCold    . . .     Gourm    .   (no shield)
rNeg     . . .     Faith    .   (armour unavailable)
rPois    .         Spirit   .   (helmet restricted)
rElec    .         Reflect  .   (no cloak)
rCorr    .         Harm     .   p - +1 pair of gloves
MR       .....     Rnd*Tele +   (no boots)
Stlth    ++........             q - amulet of inaccuracy (curse)
HPRegen  0.13/turn              t - ring of teleportation (curse)
MPRegen  0.11/turn              (no ring)

@: no status effects
A: unfitting armour, cold-blooded, AC +5
a: no special abilities


You were on level 3 of the Dungeon.
You were not hungry.

You visited 1 branch of the dungeon, and saw 3 of its levels.

You collected 128 gold pieces.

Inventory:

Hand Weapons
 c - a +1 whip of electrocution (weapon)
 r - a +0 dagger of holy wrath
Missiles
 f - 44 stones (quivered)
 n - 42 arrows
Armour
 p - a +1 pair of gloves (worn)
Jewellery
 q - a cursed amulet of inaccuracy (around neck)
 t - a cursed ring of teleportation (left hand)
 u - an uncursed ring of ice
Scrolls
 k - a scroll of enchant armour {unknown}
 v - a scroll of identify
 w - a scroll of fear {unknown}
 y - a scroll of remove curse {unknown}
Potions
 d - 2 potions of resistance
 e - 5 potions of curing
 h - a potion of brilliance {unknown}
 i - a potion of haste {unknown}
 j - a potion of degeneration {unknown}
 l - a potion of lignification {unknown}
 m - a potion of heal wounds {unknown}
 o - a potion of berserk rage {unknown}
 s - 2 potions of invisibility
 x - a potion of magic {unknown}
Books
 a - a book of Flames

   Spells                             Type                      Level
   a - Flame Tongue                   Conjuration/Fire             1
   b - Throw Flame                    Conjuration/Fire             2
   c - Conjure Flame                  Conjuration/Fire             3
   d - Inner Flame                    Hexes/Fire                   3
   e - Sticky Flame                   Conjuration/Fire             4
   f - Fireball                       Conjuration/Fire             5
Comestibles
 b - 3 rations
 g - a chunk of flesh


   Skills:
 + Level 0.4 Fighting
 + Level 1.5 Maces & Flails
 + Level 2.4 Dodging
 + Level 2.3 Stealth
 + Level 2.6 Spellcasting
 + Level 1.7 Conjurations
 + Level 4.1 Fire Magic


You had 3 spell levels left.
You knew the following spells:

 Your Spells              Type           Power        Failure   Level  Hunger
a - Flame Tongue          Conj/Fire      ##...        6%          1    #......
b - Throw Flame           Conj/Fire      ##....       9%          2    ##.....
c - Conjure Flame         Conj/Fire      ##......     17%         3    ###....


Dungeon Overview and Level Annotations

Branches:
Dungeon (3/15)

Altars:
Uskayaw
Yredelemnul


Innate Abilities, Weirdness & Mutations

Your plain brown scales are hard. (AC +5)
You cannot fit into any form of body armour.
You are cold-blooded and may be slowed by cold attacks.


Message History

Press: ? - help, Shift-Dir - straight line, f/p - adder
Aim: an adder (moderately wounded)
The flame tongue hits the adder.
The adder is heavily wounded.
The river rat bites you!
* * * LOW HITPOINT WARNING * * *
The adder barely misses you.
The rat bites you but does no damage. x2
Casting: Flame Tongue
Confirm with . or Enter, or press ? or * to list all spells.
Aiming: Flame Tongue
Press: ? - help, Shift-Dir - straight line, f/p - adder
Aim: an adder (heavily wounded)
The flame tongue hits the adder.
The adder is severely wounded.
The adder bites you but does no damage. The river rat bites you.
* * * LOW HITPOINT WARNING * * *
The rat bites you.
* * * LOW HITPOINT WARNING * * *
The rat bites you.
You die...

######
###.r@r#
#≈≈.rSr#
#≈≈≈...#
#≈#....#
#≈≈r...#
#≈#≈...#
#≈≈≈≈..#
#≈#≈...#
#≈#≈...#


You could see an adder, a river rat and 4 rats.

Vanquished Creatures
  3 gnolls (D:2)
  5 adders
  3 dart slugs
  4 orcs
  10 bats
  5 goblins
  10 hobgoblins
  10 jackals
  9 kobolds
  A quokka (D:2)
  6 frilled lizards
  8 rats
74 creatures vanquished.

Notes
Turn   | Place    | Note
-------+----------+-------------------------------------------
     0 | D:1      | CaptDreibein the Draconian Fire Elementalist began the quest for the Orb.
     0 | D:1      | Reached XP level 1. HP: 14/14 MP: 3/3
   126 | D:1      | Reached XP level 2. HP: 12/20 MP: 0/5
   800 | D:1      | Reached XP level 3. HP: 26/26 MP: 4/6
  1387 | D:2      | Reached XP level 4. HP: 34/34 MP: 3/7
  1760 | D:2      | Reached skill level 4 in Fire Magic
  1763 | D:2      | Reached skill level 1 in Maces & Flails
  1949 | D:2      | Learned a level 2 spell: Throw Flame
  1963 | D:2      | Learned a level 3 spell: Conjure Flame
  2367 | D:3      | Reached XP level 5. HP: 39/39 MP: 3/8
  2591 | D:3      | Found a hide-covered altar of Uskayaw.
  2593 | D:3      | Found a basalt altar of Yredelemnul.
  2637 | D:3      | Slain by a rat

Skill      XL: |  1  2  3  4 |
---------------+-------------+-----
Dodging        | 2 |  2.4
Stealth        | 2 |  2.3
Fire Magic     | 4 |  4.1
Maces & Flails | 1 |  1.5
Fighting       | |  0.4
Spellcasting   | |  2.6
Conjurations   | |  1.7

Action                   |  1- 3 |  4- 6 || total
-------------------------+-------+-------++-------
Melee: Whip              |    51 |    76 ||   127
       Tailslap          |     5 |     2 ||     7
Throw: Stone             |     3 |       ||     3
 Cast: Flame Tongue      |    41 |    32 ||    73
       Throw Flame       |       |    11 ||    11
       Conjure Flame     |       |     1 ||     1
  Use: Scroll            |       |     5 ||     5
 Stab: Sleeping          |     1 |     1 ||     2
  Eat: Chunk             |     2 |     5 ||     7
Armor: Skin              |    11 |    47 ||    58
Dodge: Dodged            |    34 |    67 ||   101
